 Dungeon Crawl Stone Soup version 0.29.0-4-gdea44cf6ec (webtiles) character file.

Game seed: 6420859527952305598

128 qw the Chopper (level 5, -3/30 HPs)
             Began as a Tengu Warper on Aug 28, 2022.
             Slain by a gnoll
             ... wielding a +0 spear
              (5 damage)
             ... on level 3 of the Dungeon.
             The game lasted 00:00:17 (2841 turns).

qw the Chopper (Tengu Warper)                       Turns: 2841, Time: 00:00:18

Health: -3/30      AC:  8    Str: 13    XL:     5   Next: 11%
Magic:  9/9        EV:  7    Int: 13    God:
Gold:   177        SH:  0    Dex: 14    Spells: 8/8 levels left

rFire   . . .      SeeInvis .   Y - +1 hand axe
rCold   . . .      Faith    .   (no shield)
rNeg    . . .      Spirit   .   c - +0 chain mail
rPois   .          Reflect  .   (helmet restricted)
rElec   .          Harm     .   (no cloak)
rCorr   .          Rampage  .   (no gloves)
Will    .....                   (boots unavailable)
Stlth   ..........              e - amulet of the acrobat
HPRegen 0.10/turn               (no ring)
MPRegen 0.11/turn               (no ring)

@: flying quickly and evasively, quick
A: beak, talons 3, nimble flight, claws 1, screaming 1
a: no special abilities


You were on level 3 of the Dungeon.
You visited 1 branch of the dungeon, and saw 3 of its levels.

You collected 177 gold pieces.


Innate Abilities, Weirdness & Mutations

You have a beak for a mouth.
You have claws for feet.
Your magical nature lets you fly swiftly and evasively.
You have sharp fingernails.
You occasionally shout uncontrollably at your foes.


   Skills:
 - Level 2.0 Fighting
 + Level 5.6 Axes
 - Level 1.0 Throwing
 - Level 1.1 Armour
 - Level 2.1 Dodging
 - Level 2.0 Spellcasting
 - Level 2.4 Translocations


You had 8 spell levels left.
You didn't know any spells.
Your spell library contained the following spells:

 Spells                   Type           Power      Damage    Failure   Level
 Blink                    Tloc           14%        N/A       99%         2
 Gell's Gravitas          Tloc           7%         N/A       100%        3
 Lesser Beckoning         Tloc           7%         N/A       100%        3
 Teleport Other           Tloc           7%         N/A       100%        3
 Manifold Assault         Tloc           7%         N/A       100%        5

Inventory:

Hand Weapons
 f - a +0 whip
 Y - a +1 hand axe (weapon)
Armour
 b - a +0 plate armour
 c - a +0 chain mail (worn)
Jewellery
 e - an amulet of the acrobat (around neck)
Scrolls
 d - 2 scrolls of identify
Potions
 a - a potion of lignification {unknown}
 g - a potion of attraction {unknown}
 i - a potion of mutation

Dungeon Overview and Level Annotations

Branches:
Dungeon (3/15)

Altars:


Message History

A goblin comes into view. It is wielding a +0 dagger.
The goblin shouts!
The gnoll completely misses you.
The gnoll hits you from afar with a +0 spear.
You see here 3 boomerangs.
You barely miss the gnoll. You claw the gnoll, but do no damage.
The gnoll hits you with a +0 spear.
The gnoll hits you from afar with a +0 spear.
You hit the gnoll. Your peck misses the gnoll.
The gnoll is heavily wounded.
The gnoll barely misses you.
The gnoll hits you from afar with a +0 spear.
You closely miss the gnoll. Your kick misses the gnoll. You peck the gnoll.
The gnoll is severely wounded.
The gnoll hits you with a +0 spear. The gnoll hits you but does no damage.
You hit the gnoll.
You kill the gnoll!
The gnoll hits you but does no damage. The gnoll hits you but does no damage.
The gnoll closely misses you.
Things that are here:
a +0 spear; a gnoll corpse You barely miss the gnoll.
Your kick misses the gnoll. The gnoll hits you but does no damage.
The gnoll hits you from afar with a +0 spear.
You hit the gnoll.
The gnoll is moderately wounded.
The gnoll hits you but does no damage.
The gnoll hits you from afar with a +0 spear.
You hit the gnoll.
The gnoll is heavily wounded.
The gnoll hits you but does no damage.
The gnoll hits you from afar with a +0 spear.
You hit the gnoll. You claw the gnoll, but do no damage.
Your peck misses the gnoll.
The gnoll is almost dead.
The gnoll hits you with a +0 spear. The gnoll closely misses you.
You barely miss the gnoll.
The gnoll is almost dead.
The gnoll hits you with a +0 spear.
You die...

#####
....gg################
#gg@(............#
####################.#
......).######### #.#
................# #.#
..............#.# #.#
.#####..#####...# #.#
#..#####..## #.#
#.........# #.#
#..######.# #.#


You could see 3 gnolls and a goblin.

Vanquished Creatures
  Robin (D:2)
  A gnoll (D:3)
  3 adders
  2 dart slugs (D:1)
  4 orcs
  3 ball pythons
  7 bats
  3 endoplasms
  2 giant cockroaches
  16 goblins
  6 hobgoblins
  6 jackals
  3 kobolds
  2 quokkas (D:1)
  2 frilled lizards
  3 rats
64 creatures vanquished.

Notes
Turn   | Place    | Note
-------+----------+-------------------------------------------
     0 | D:1      | qw the Tengu Warper began the quest for the Orb.
     0 | D:1      | Reached XP level 1. HP: 12/12 MP: 4/4
     0 | D:1      | 0 ||| qw: Version: 0.1-a-89-g26bdef1
     0 | D:1      | 0 ||| qw: Game counter: 1179
     0 | D:1      | 0 ||| qw: Always use a shield: true
     0 | D:1      | 0 ||| qw: God list: Okawaru
     0 | D:1      | 0 ||| qw: Allow faded altars: false
     0 | D:1      | 0 ||| qw: Do Orc after D:15 true
     0 | D:1      | 0 ||| qw: Do second Lair branch before Depths: true
     0 | D:1      | 0 ||| qw: Lair rune preference: random
     0 | D:1      | 0 ||| qw: Plans: Normal
     0 | D:1      | 0 ||| PLANNING D:1-11
    62 | D:1      | Reached skill level 3 in Axes
    62 | D:1      | Reached XP level 2. HP: 15/17 MP: 6/6
   427 | D:1      | 427 ||| Stepping ~*~*~tactically~*~*~ (stealth).
   428 | D:1      | 428 ||| Stepping ~*~*~tactically~*~*~ (stealth).
   638 | D:1      | Reached XP level 3. HP: 21/21 MP: 7/7
   928 | D:1      | Reached skill level 4 in Axes
  1022 | D:1      | 1022 ||| UPGRADING to +0 ring mail.
  1032 | D:1      | 1032 ||| DROPPING +0 leather armour.
  1033 | D:1      | 1033 ||| UPGRADING to amulet of the acrobat.
  1038 | D:1      | 1038 ||| READING scroll labelled NEUMNITITU.
  1039 | D:1      | 1039 ||| READING scroll labelled PIM IGI LEAN.
  1040 | D:1      | 1040 ||| READING scroll labelled TILONU IRAUNOE.
  1041 | D:1      | 1041 ||| READING scroll labelled EDEMAZXULE.
  1042 | D:1      | 1042 ||| DRINKING 2 lumpy silvery potions.
  1042 | D:1      | Gained mutation: You have sharp fingernails. [potion of
                  | mutation]
  1042 | D:1      | Gained mutation: You occasionally shout uncontrollably at
                  | your foes. [potion of mutation]
  1043 | D:1      | 1043 ||| DROPPING scroll of blinking.
  1080 | D:2      | 1080 ||| Stepping ~*~*~tactically~*~*~ (stealth).
  1084 | D:2      | 1084 ||| Stepping ~*~*~tactically~*~*~ (stealth).
  1097 | D:2      | 1097 ||| FLEEEEING.
  1098 | D:2      | 1098 ||| FLEEEEING.
  1099 | D:2      | 1099 ||| FLEEEEING.
  1100 | D:2      | 1100 ||| FLEEEEING.
  1101 | D:2      | 1101 ||| FLEEEEING.
  1102 | D:2      | 1102 ||| FLEEEEING.
  1103 | D:2      | 1103 ||| STAIRDANCE
  1172 | D:2      | Noticed Robin
  1173 | D:2      | 1173 ||| Stepping ~*~*~tactically~*~*~ (stealth).
  1180 | D:2      | 1180 ||| Stepping ~*~*~tactically~*~*~ (hiding).
  1190 | D:2      | Killed Robin
  1196 | D:2      | 1196 ||| Stepping ~*~*~tactically~*~*~ (stealth).
  1198 | D:2      | 1198 ||| Stepping ~*~*~tactically~*~*~ (stealth).
  1247 | D:2      | Reached XP level 4. HP: 21/26 MP: 8/8
  1729 | D:2      | 1729 ||| Stepping ~*~*~tactically~*~*~ (stealth).
  1820 | D:2      | 1820 ||| Stepping ~*~*~tactically~*~*~ (stealth).
  1821 | D:2      | 1821 ||| Stepping ~*~*~tactically~*~*~ (stealth).
  1909 | D:2      | Reached skill level 5 in Axes
  2321 | D:2      | 2321 ||| UPGRADING to +0 chain mail.
  2331 | D:2      | 2331 ||| DROPPING +0 ring mail.
  2332 | D:2      | 2332 ||| READING scroll labelled FEHORO ZOAHEON.
  2333 | D:2      | 2333 ||| READING 2 scrolls labelled SUXIMI DOLURPHU.
  2384 | D:3      | 2384 ||| STAIRDANCE
  2495 | D:3      | 2495 ||| STAIRDANCE
  2737 | D:3      | Gained mutation: Your magical nature lets you fly swiftly
                  | and evasively. [Tengu growth]
  2737 | D:3      | Reached XP level 5. HP: 30/30 MP: 9/9
  2838 | D:3      | HP: 7/30 [gnoll/+0 spear (1)]
  2840 | D:3      | HP: 2/30 [gnoll/+0 spear (4)]
  2841 | D:3      | Slain by a gnoll

Levels and vault maps discovered:
D:1:      dpeg_arrival_fog, layout_loops_cross
D:2:      layout_basic, uniq_robin
D:3:      layout_loops_ring, kennysheep_vampire_church, eino_tiny_chamber,
          minmay_fountain_box

Skill      XL: |  1  2  3  4 |
---------------+-------------+-----
Axes           | 3 4 5 |  5.6
Fighting       | |  2.0
Throwing       | |  1.0
Armour         | |  1.1
Dodging        | |  2.1
Spellcasting   | |  2.0
Translocations | |  2.4

Action                   |  1- 3 |  4- 6 || total
-------------------------+-------+-------++-------
Melee: Hand axe          |    81 |    79 ||   160
       Kick              |    14 |    14 ||    28
       Peck              |     9 |    11 ||    20
       Punch             |     1 |       ||     1
Throw: Boomerang         |     7 |       ||     7
  Use: Scroll            |     4 |     2 ||     6
       Potion            |     1 |       ||     1
Armor: Leather armour    |    15 |       ||    15
       Ring mail         |     6 |     1 ||     7
       Chain mail        |       |    24 ||    24
Dodge: Dodged            |    53 |    39 ||    92

Table legend:
 A = Non-vault XP
 B = Vault XP
 C = Vault XP percentage of total XP
 D = Non-vault monster count
 E = Vault monster count
 F = Vault count percentage of total count
                 A         B        C        D         E       F
            +---------+---------+-------+---------+---------+-------
      Total |     147 |      36 |  19.7 |      52 |      12 |  18.8
            +---------+---------+-------+---------+---------+-------
        D:1 |      45 |       0 |   0.0 |      23 |       0 |   0.0
        D:2 |      46 |      36 |  43.9 |      17 |      12 |  41.4
        D:3 |      56 |       0 |   0.0 |      12 |       0 |   0.0
            +---------+---------+-------+---------+---------+-------
